 Dungeon Crawl Stone Soup version 0.28.0 (webtiles) character file.

Game seed: 14538306800977032556

11 AmazingTV the Sneak (level 2, -1/15 HPs)
             Began as a Spriggan Brigand on June 27, 2022.
             Frozen to death by an endoplasm (3 damage)
             ... on level 1 of the Dungeon.
             The game lasted 00:01:09 (485 turns).

AmazingTV the Sneak (Spriggan Brigand)               Turns: 485, Time: 00:01:09

Health: -1/15      AC:  3    Str:  7    XL:     2   Next: 17%
Magic:  3/3        EV: 16    Int: 12    God:
Gold:   11         SH:  0    Dex: 16    Spells: 1/1 levels left

rFire   . . .      SeeInvis +   a - +2 dagger
rCold   . . .      Faith    .   (no shield)
rNeg    . . .      Spirit   .   b - +0 robe
rPois   .          Reflect  .   (helmet restricted)
rElec   .          Harm     .   c - +0 cloak
rCorr   .          Rampage  .   (gloves unavailable)
Will    .....                   (boots unavailable)
Stlth   +++.......              (no amulet)
HPRegen 0.05/turn               (no ring)
MPRegen 0.08/turn               (no ring)

@: very quick
A: very small, no large weapons, unfitting armour, see invisible, speed 3
a: no special abilities


You were on level 1 of the Dungeon.
You visited 1 branch of the dungeon, and saw 1 of its levels.

You collected 11 gold pieces.

Inventory:

Hand Weapons
 a - a +2 dagger (weapon)
Missiles
 d - 8 poisoned darts (quivered)
 e - 2 curare-tipped darts
 f - 21 stones
Armour
 b - a +0 robe (worn)
 c - a +0 cloak (worn)


   Skills:
 + Level 1.7 Fighting
 + Level 2.4 Short Blades
 + Level 0.8(1.7) Slings
 - Level 2.0 Throwing
 + Level 1.8 Dodging
 + Level 6.0 Stealth


You had one spell level left.
You didn't know any spells.
Your spell library was empty.

Dungeon Overview and Level Annotations

Branches:
Dungeon (1/15)

Altars:


Innate Abilities, Weirdness & Mutations

You are very small and have problems with some larger weapons.
You are too small for most types of armour.
You have supernaturally acute eyesight. (SInv)
You cover ground extremely quickly. (Speed+++)


Message History

You hit the kobold but do no damage.
The kobold is moderately wounded.
You closely miss the kobold.
The kobold is moderately wounded.
The kobold hits you with a +0 short sword.
You barely miss the kobold.
The kobold is moderately wounded.
The kobold closely misses you.
You hit the kobold.
You kill the kobold!
You see here a +0 short sword.
f - 21 stones (gained 2)
Things that are here:
a +0 dagger; a kobold corpse A hobgoblin is nearby!
The hobgoblin shouts!
You see here a +0 short sword.
The endoplasm quivers.
You hit the hobgoblin.
The hobgoblin is moderately wounded.
The hobgoblin hits you but does no damage.
You hit the hobgoblin.
You kill the hobgoblin!
The endoplasm freezes you.
You are frozen.
You are too injured to fight recklessly!
You are too injured to fight recklessly!
You are too injured to fight recklessly!
You are too injured to fight recklessly!
You hit the endoplasm but do no damage. The endoplasm hits you.
You hit the endoplasm.
The endoplasm is moderately wounded.
The endoplasm freezes you.
You are frozen.
* * * LOW HITPOINT WARNING * * *
You hit the endoplasm but do no damage.
The endoplasm is moderately wounded.
The endoplasm freezes you.
You are frozen.
You die...

####+#....PPPP...
#.......#.#.#P#.
#....)..#...#_#
#.......#.#.#P#.#.#.
#.......P.P...P.....
#.......#.#.#.#.#.#.
#....†..#...#.#
#......#############.
####.....)).....@.......
.........####....J......
.........# #..........$
.........# #...........
.........# #...........
.........# ##'##.......
.........# #.# .......
.........# #.# .......
.........# #.# .......


You could see an endoplasm.

Vanquished Creatures
  A dart slug (D:1)
  A ball python (D:1)
  2 endoplasms (D:1)
  A hobgoblin (D:1)
  3 kobolds (D:1)
8 creatures vanquished.

Vanquished Creatures (others)
  3 fungi (D:1)
  A plant (D:1)
4 creatures vanquished.

Grand Total: 12 creatures vanquished

Notes
Turn   | Place    | Note
-------+----------+-------------------------------------------
     0 | D:1      | AmazingTV the Spriggan Brigand began the quest for the Orb.
     0 | D:1      | Reached XP level 1. HP: 10/10 MP: 2/2
   245 | D:1      | Found a faded altar of an unknown god.
   267 | D:1      | Reached skill level 6 in Stealth
   270 | D:1      | Reached XP level 2. HP: 7/15 MP: 3/3
   485 | D:1      | Frozen to death by an endoplasm

Illustrated notes

Levels and vault maps discovered:
D:1:      dpeg_arrival_round_c, layout_basic,
          shapermc_ecumenical_altar_mp_urbaneastern, serial_bayou_pond_d

Skill      XL: |  1 |
---------------+----+-----
Stealth        | 6 |  6.0
Fighting       | |  1.7
Short Blades   | |  2.4
Slings         | |  0.8
Throwing       | |  2.0
Dodging        | |  1.8

Action                   || total
-------------------------++-------
Melee: Dagger            ||    30
 Stab: Sleeping          ||     2
Armor: Robe              ||     3
Dodge: Dodged            ||    13
